 Dungeon Crawl Stone Soup version 0.29-a0-1043-g569b05d6ff (webtiles) character file.

Game seed: 9154310318073702650

1518 Zeldest the Ruffian (level 8, -10/79 HPs)
             Began as a Troll Fighter on Aug 16, 2022.
             Mangled by an orc warrior
             ... wielding a +0 flail
              (16 damage)
             ... on level 6 of the Dungeon.
             The game lasted 00:08:09 (1655 turns).

Zeldest the Ruffian (Troll Fighter)                 Turns: 1655, Time: 00:08:10

Health: -10/79     AC:  4    Str: 24 (25) XL:     8   Next: 54%
Magic:  7/7        EV:  8    Int:  5 (6)  God:
Gold:   244        SH:  8    Dex:  8 (9)  Spells: 7/7 levels left

rFire   . . .      SeeInvis .     - Unarmed
rCold   . . .      Faith    +   b - +0 kite shield
rNeg    . . .      Spirit   .   a - +0 robe
rPois   .          Reflect  .   (helmet restricted)
rElec   .          Harm     .   (no cloak)
rCorr   .          Rampage  .   (gloves unavailable)
Will    .....                   (boots unavailable)
Stlth   +.........              i - amulet of faith
HPRegen 1.03/turn               (no ring)
MPRegen 0.10/turn               (no ring)

@: flying
A: large, unfitting armour, claws 3, regeneration 1, shaggy fur 1, tough skin 1
a: no special abilities


You were on level 6 of the Dungeon.
You visited 1 branch of the dungeon, and saw 6 of its levels.

You collected 244 gold pieces.

Inventory:

Hand Weapons
 n - the +7 whip of Eternal Night {pain, *Noise rElec rN+ Str+4}
   (You found it on level 5 of the Dungeon)

   In the hands of one skilled in necromantic magic, it inflicts extra damage on
   living creatures.
   Str:       It affects your strength (+4).
   rElec:     It insulates you from electricity.
   rN:        It protects you from negative energy.
   *Noise:    It may make noises in combat.
Armour
 a - a +0 robe (worn)
 b - a +0 kite shield (worn)
Jewellery
 i - an amulet of faith (around neck)
Scrolls
 c - a scroll of enchant weapon {unknown}
 d - 2 scrolls of noise
 e - a scroll of butterflies {unknown}
 f - 8 scrolls of identify {unknown}
 g - a scroll of vulnerability {unknown}
 j - a scroll of silence {unknown}
 o - a scroll of acquirement {unknown}
Potions
 h - a potion of curing {unknown}
 l - a potion of degeneration
 m - a potion of flight


   Skills:
 + Level 4.6 Fighting
 + Level 3.6 Armour
 - Level 2.5 Dodging
 + Level 5.1 Shields
 * Level 7.0 Unarmed Combat


You had 7 spell levels left.
You didn't know any spells.
Your spell library contained the following spells:

 Spells                   Type           Power      Damage    Failure   Level
 Sublimation of Blood     Necr           0%         N/A       87%         2
 Frozen Ramparts          Ice            0%         1d1       98%         3
 Ice Form                 Ice/Tmut       0%         N/A       100%        4
 Petrify                  Tmut/Erth      0%         N/A       100%        4
 Summon Ice Beast         Ice/Summ       0%         N/A       100%        4
 Irradiate                Conj/Tmut      0%         3d11      100%        5


Dungeon Overview and Level Annotations

Branches:
Dungeon (6/15)
 Temple: D:4-7

Altars:
Ashenzari
Ru


Innate Abilities, Weirdness & Mutations

You are too large for most types of armour.
You have claws for hands.
Your natural rate of healing is unusually fast.
You are covered in fur. (AC +1)
You have tough skin. (AC +1)


Message History

The orc warrior is heavily wounded.
The orc wizard mumbles some strange words.
The orc wizard flickers and vanishes!
Deactivating autopickup; reactivate with Ctrl-A.
The orc warrior barely misses you.
You completely miss the orc warrior.
The orc warrior is heavily wounded.
The orc warrior hits you with a +0 flail!
You scratch the orc warrior but do no damage.
The orc warrior is heavily wounded.
You block the orc warrior's attack.
You closely miss the orc warrior.
The orc warrior is heavily wounded.
The orc warrior hits you with a +0 flail!
* * * LOW HITPOINT WARNING * * *
You feel much better.
The orc warrior hits you with a +0 flail!
You aren't carrying any items that you can evoke.
As you read the scroll labelled JANGIFA XEUHI, it crumbles to dust.
You hear a loud clanging noise!
It was a scroll of noise.
You hear a bark!
You hear a shout! x3
The orc warrior hits you with a +0 flail.
You hear a shout!
Okay, then.
It was a potion of degeneration.
There was something very wrong with that liquid.
You feel weakened.
You feel dopey.
You feel clumsy.
The orc warrior hits you with a +0 flail.
* * * LOW HITPOINT WARNING * * *
It was a potion of flight.
You feel very buoyant.
You fly up into the air.
An orc wizard comes into view. It is wielding a +0 dagger.
The orc warrior hits you with a +0 flail!
* * * LOW HITPOINT WARNING * * *
Okay, then.
It was a potion of magic.
Magic courses through your body.
The orc warrior hits you with a +0 flail!
You die...

#.# #!#.#
.......#
#.#.#.#
.o...#
>#.#.#.#.#
..h....oo#
.#>#.#.#{#
###o# #@#
#.# #.#
#.# #.#
#.# #.#
#.# #.#


You could see an orc warrior, an orc wizard and an orc.

Vanquished Creatures
  Pikel (D:5)
  A yak (D:5)
  A steam dragon (D:5)
  Duvessa (D:5)
  An ice beast (D:6)
  A scorpion (D:5)
  Dowan (D:5)
  A howler monkey (D:5)
  7 hounds
  2 jellies (D:5)
  An iguana (D:5)
  An orc wizard (D:5)
  5 gnolls
  2 adders
  An ufetubus (D:5)
  2 worms
  2 dart slugs
  5 orcs
  3 endoplasms
  4 giant cockroaches
  7 goblins
  6 hobgoblins
  7 jackals
  3 kobolds
  3 quokkas
  3 ball pythons
  A bat (D:3)
  3 frilled lizards
  3 rats
79 creatures vanquished.

Vanquished Creatures (others)
  6 plants (D:2)
6 creatures vanquished.

Grand Total: 85 creatures vanquished

Notes
Turn   | Place    | Note
-------+----------+-------------------------------------------
     0 | D:1      | Zeldest the Troll Fighter began the quest for the Orb.
     0 | D:1      | Reached XP level 1. HP: 22/22 MP: 0/0
   127 | D:1      | Reached XP level 2. HP: 27/29 MP: 1/1
   163 | D:1      | Reached XP level 3. HP: 36/36 MP: 2/2
   290 | D:1      | Found a faded altar of an unknown god.
   498 | D:2      | Reached skill level 3 in Unarmed Combat
   565 | D:2      | Reached XP level 4. HP: 44/44 MP: 3/3
   615 | D:2      | Found a broken altar of Ashenzari.
   711 | D:3      | Reached skill level 1 in Armour
   885 | D:4      | Reached XP level 5. HP: 53/53 MP: 4/4
  1092 | D:5      | Entered Level 5 of the Dungeon
  1129 | D:5      | Noticed Pikel
  1136 | D:5      | Noticed a lemure
  1136 | D:5      | Noticed a lemure
  1138 | D:5      | Noticed a lemure
  1140 | D:5      | Killed Pikel
  1141 | D:5      | Reached skill level 5 in Unarmed Combat
  1141 | D:5      | Reached XP level 6. HP: 48/62 MP: 5/5
  1141 | D:5      | Reached XP level 7. HP: 53/68 MP: 6/6
  1156 | D:5      | Noticed a steam dragon
  1156 | D:5      | Noticed Duvessa
  1167 | D:5      | Noticed Dowan
  1171 | D:5      | Killed a steam dragon
  1177 | D:5      | Killed Duvessa
  1203 | D:5      | Killed Dowan
  1204 | D:5      | Reached skill level 6 in Unarmed Combat
  1214 | D:5      | Reached XP level 8. HP: 51/78 MP: 7/7
  1256 | D:5      | Found a sacrificial altar of Ru.
  1292 | D:5      | Reached skill level 5 in Shields
  1479 | D:5      | Identified the +7 whip of Eternal Night {pain, *Noise rElec
                  | rN+ Str+4}
  1641 | D:6      | Reached skill level 7 in Unarmed Combat
  1655 | D:6      | Mangled by an orc warrior

Illustrated notes

Levels and vault maps discovered:
D:1:      scummos_arrival_simple_fountains, layout_loops_ring,
          shapermc_ecumenical_altar_ellora, nicolae_eternal_life,
          grunt_decor_junction
D:2:      layout_loops_ring, basic_altar, minmay_misc_feat_encased,
          nicolae_grassy_gnolls
D:3:      layout_rooms, grunt_ministairs_2, kennysheep_flooded_box, uniq_grinder
D:4:      layout_gridville, uniq_robin
D:5:      layout_cave_pools, minmay_ruined_shrine, uniq_pikel, uniq_duvessa
D:6:      layout_basic, moated_statue, chequers_serial_rivers_micro_b,
          serial_park_tiny_2, st_stairs_8

Skill      XL: |  1  2  3  4  5  6  7  8 |
---------------+-------------------------+-----
Shields        | 3 4 5 |  5.1
Unarmed Combat | 3 5 6 7 |  7.0
Armour         | 1 2 3 |  3.6
Fighting       | 3 4 |  4.6
Dodging        | |  2.5

Action                   |  1- 3 |  4- 6 |  7- 9 || total
-------------------------+-------+-------+-------++-------
Melee: Unarmed           |    54 |   115 |    87 ||   256
  Use: Potion            |     1 |     1 |     5 ||     7
       Scroll            |       |       |     1 ||     1
Armor: Robe              |    10 |    29 |    14 ||    53
Dodge: Dodged            |    15 |    37 |    34 ||    86
Block: Kite shield       |    23 |    54 |    22 ||    99

Table legend: (Time is in decaauts)
 A = Elapsed time spent in this place.
 B = Non-inter-level travel time spent in this place.
 C = Inter-level travel time spent in this place.
 D = Time resting spent in this place.
 E = Time spent auto-exploring this place.
 F = Levels seen in this place.
 G = Mean time per level.
                   A        B        C        D        E       F      G
               +--------+--------+--------+--------+--------+-----+--------+
         Total |   1669 |   1649 |     20 |      0 |      0 |   6 |  278.2 |
       Dungeon |   1669 |   1649 |     20 |      0 |      0 |   6 |  278.2 |
               +--------+--------+--------+--------+--------+-----+--------+

Top non-repeatable levels by time:
     D:5: 472 daAuts
     D:1: 441 daAuts
     D:4: 270 daAuts
     D:2: 267 daAuts
     D:3: 126 daAuts
     D:6: 89 daAuts
